 Dungeon Crawl Stone Soup version 0.31-a0-626-g8143ab4f1d (webtiles) character file.

Game seed: 13380175573784052511

7937 Hubris850 the Mimic (level 11, -2/75 HPs)
             Began as a Merfolk Shapeshifter on Aug 24, 2023.
             Was a Believer of the Shining One.
             Slain by a demonic crawler (12 damage)
             ... on level 10 of the Dungeon.
             The game lasted 00:28:09 (8879 turns).

Hubris850 the Mimic (Merfolk Shapeshifter)          Turns: 8879, Time: 00:28:10

Health: -2/75      AC:  6    Str: 16    XL:     11   Next: 23%
Magic:  15/15      EV: 16    Int: 11    God:    the Shining One [**....]
Gold:   619        SH:  5    Dex: 21    Spells: 16/16 levels left

rFire   . .          .
                       - Unarmed
rCold   . . .        K - +0 buckler
rNeg    + . .        v - melded +0 steam dragon scales
rPois   .            (no helmet)
rElec   .            A - +1 cloak
rCorr   .            t - +2 pair of gloves
SInv    .            W - +0 pair of boots
Will    .....        H - amulet of regeneration
Stlth   +            r - +6 ring of dexterity
HPRegen 1.12/turn    (no ring)
MPRegen 0.14/turn

%: no passive effects
@: mighty, maw-form, glowing
A: devouring maw, (nimble swimmer 2), mertail
a: Begin Untransformation, Renounce Religion, Divine Shield


You were on level 10 of the Dungeon.
You worshipped the Shining One.
The Shining One was pleased with you.
You were a creature with a mouth for a stomach.
You visited 2 branches of the dungeon, and saw 11 of its levels.

You collected 723 gold pieces.
You spent 104 gold pieces at shops.

Inventory:

Hand Weapons
 b - a +2 dagger of electrocution
 p - a +2 dagger of venom
 E - a +0 spectral quarterstaff
 J - a +2 spear of venom
 L - a +2 long sword of protection
 M - a +2 scimitar
 R - a +1 scimitar of flaming
Missiles
 f - 10 atropa-tipped darts
 l - 6 darts of dispersal
 q - 6 poisoned darts
 u - 3 curare-tipped darts
 y - 17 javelins
 N - 6 boomerangs (quivered)
Armour
 a - a +0 animal skin
 e - a +0 ring mail
 j - +0 acid dragon scales
 m - an orb of energy
 t - a +2 pair of gloves (worn)
 v - +0 steam dragon scales (melded)
 A - a +1 cloak (worn)
 I - the +1 robe of Quroaf {+Inv Str+2}
   (You found it on level 7 of the Dungeon)

   Str+2:     It affects your strength (+2).
   +Inv:      It lets you turn invisible.
 K - a +0 buckler (worn)
 W - a +0 pair of boots (worn)
Magical Staves
 s - a staff of conjuration
Jewellery
 o - a ring of protection from cold
 r - a +6 ring of dexterity (left hand)
 H - an amulet of regeneration (around neck)
 V - a ring of ice
Talismans
 c - a beast talisman
 d - a flux talisman
 G - a maw talisman (active)
Wands
 O - a wand of flame (15)
 Q - a wand of charming (19)
Scrolls
 h - 2 scrolls of vulnerability
 k - a scroll of enchant weapon
 x - 2 scrolls of immolation
 C - a scroll of teleportation
 D - 2 scrolls of identify
 F - a scroll of amnesia
 T - a scroll of fog
 U - a scroll of revelation
Potions
 g - 4 potions of curing
 i - 3 potions of enlightenment
 w - a potion of invisibility
 z - 3 potions of attraction
 B - 2 potions of magic
 P - 2 potions of ambrosia
 S - a potion of mutation
 X - 2 potions of resistance


   Skills:
 - Level 3.0 Fighting
 - Level 3.0 Throwing
 - Level 3.0 Armour
 - Level 7.0 Dodging
 + Level 9.2 Unarmed Combat
 - Level 3.0 Spellcasting
 - Level 4.0 Invocations
 + Level 3.9 Evocations
 + Level 13.8 Shapeshifting


You had 16 spell levels left.
You didn't know any spells.
Your spell library contained the following spells:

 Spells                   Type           Power      Damage    Failure   Level
 Apportation              Tloc           2%         N/A       34%         1
 Necrotise                Necr           4%         1d4       34%         1
 Sandblast                Erth           2%         2d4       34%         1
 Slow                     Hex            4%         N/A       34%         1
 Summon Small Mammal      Summ           4%         N/A       34%         1
 Passwall                 Tmut/Erth      0%         N/A       45%         2
 Confusing Touch          Hex            1%         N/A       71%         3
 Stone Arrow              Conj/Erth      2%         3d7       71%         3
 Summon Guardian Golem    Hex/Summ       1%         N/A       71%         3
 Vampiric Draining        Necr           1%         2d6       71%         3
 Vhi's Electric Charge    Tloc/Air       2%         N/A       71%         3
 Arcjolt                  Conj/Air       0%         1d10      100%        5
 Orb of Destruction       Conj           0%         9d5       100%        7
 Spellforged Servitor     Conj/Summ      0%         N/A       100%        7
 Maxwell's Capacitive Co  Air            0%         ∞         100%        8


Dungeon Overview and Level Annotations

Branches:
Dungeon (10/15)            Temple (1/1) D:6             Orc (0/2) D:10
   Lair: D:8-11

Altars:
Ashenzari
Cheibriados
Dithmenos
Elyvilon
Fedhas
Gozag
Hepliaklqana
Kikubaaqudgha
Makhleb
Nemelex Xobeh
Okawaru
Qazlal
Ru
Sif Muna
Trog
Uskayaw
Vehumet
Wu Jian
Xom
Yredelemnul
Zin
The Shining One

Shops:
D:4 (   D:7 *   D:8 !   D:9 !

Annotations:
D:9 3 runed translucent doors, exclusion: orange crystal statue


Innate Abilities, Weirdness & Mutations

You are a creature with a mouth for a stomach.
Your midsection houses a second, enormous mouth.
((You are very nimble when in or above water. (Stealth+, EV+, Speed+++)))
Your lower body shifts to a powerful aquatic tail in water.


Message History

As you read the scroll of identify, it crumbles to dust.
P - 2 potions of ambrosia
X - 2 coppery potions
As you read the scroll of identify, it crumbles to dust.
X - 2 potions of resistance
Items here: ))) [[ ÷.
There is an open door here.
A swamp worm comes into view.
A demonic crawler comes into view.
The demonic crawler gives a hideous shriek!
The swamp worm misses you.
You punch the swamp worm! You bite the swamp worm.
The swamp worm is moderately wounded.
A swamp worm comes into view.
You block the swamp worm's attack.
You hit the swamp worm. Your bite misses the swamp worm.
The swamp worm is moderately wounded.
You block the swamp worm's attack.
You punch the swamp worm!
The swamp worm is severely wounded.
The swamp worm bites you!
You punch the swamp worm! You bite the swamp worm.
You kill the swamp worm!
You hit the demonic crawler. You bite the demonic crawler!
The demonic crawler is moderately wounded.
You block the demonic crawler's attack. The demonic crawler barely misses you.
The demonic crawler hits you!
You hit the demonic crawler. You bite the demonic crawler!
The demonic crawler is moderately wounded.
A swamp worm comes into view.
The demonic crawler hits you. The demonic crawler hits you! x2
* * * LOW HITPOINT WARNING * * *
You are too injured to fight recklessly!
You are too injured to fight recklessly!
You are too injured to fight recklessly!
You feel very mighty all of a sudden. The demonic crawler closely misses you.
The demonic crawler hits you!
* * * LOW HITPOINT WARNING * * *
The demonic crawler hits you!
You die...

...............# ###..###
..............## ##...##
......#......#####....#
......#..##.#..>.....#####
..................#......##
..........................##
+#.........................#
.##....#.........†.........#
..##............W..........###
...##.##.........s............
⌠.....##..#.#.....w........###
...#####..#.#.#####......~~~~~
..##.# #..#.#.# #......~~≈~≈~
.##..# #......# #....~~~~###~
.#...# #.##.### #...~~≈###
...### #.#...# #...~~w#
########.#...#####..>~~P~~


You could see a demonic crawler and 2 swamp worms.

Vanquished Creatures
  Erica (D:8)
  A two-headed ogre (D:9)
  2 unseen horrors
  Prince Ribbit (D:6)
  A troll (D:10)
  A wyvern (D:8)
  8 yaks
  2 wraiths (D:10)
  2 steam dragons
  A swamp worm (D:10)
  An acid dragon (D:9)
  3 sky beasts
  4 orc warriors
  2 ice beasts
  An ogre (D:7)
  4 centaurs
  A phantom (D:5)
  A gnoll sergeant (D:7)
  2 bullfrogs
  4 scorpions
  6 wights
  6 killer bees
  6 howler monkeys
  4 crimson imps (D:3)
  3 hounds
  8 orc priests
  4 iguanas
  11 orc wizards
  14 adders
  7 gnolls (D:7)
  A shadow imp (D:8)
  2 ufetubi (D:5)
  3 worms
  4 dart slugs
  38 orcs
  16 ball pythons
  3 bats
  9 endoplasms
  3 giant cockroaches
  5 goblins
  4 hobgoblins
  11 jackals
  3 quokkas
  2 frilled lizards (D:2)
  9 kobolds
  11 rats
236 creatures vanquished.

Vanquished Creatures (others)
  An ufetubus (D:7)
1 creature vanquished.

Grand Total: 237 creatures vanquished

Notes
Turn   | Place    | Note
-------+----------+-------------------------------------------
     0 | D:1      | Hubris850 the Merfolk Shapeshifter began the quest for the
                  | Orb.
     0 | D:1      | Reached XP level 1. HP: 15/15 MP: 1/1
   265 | D:1      | Reached XP level 2. HP: 11/21 MP: 2/2
   511 | D:1      | Reached XP level 3. HP: 12/26 MP: 3/3
  1344 | D:2      | Reached skill level 5 in Shapeshifting
  1344 | D:2      | Reached XP level 4. HP: 29/32 MP: 4/4
  2261 | D:3      | Reached skill level 1 in Throwing
  2264 | D:3      | Reached XP level 5. HP: 32/37 MP: 5/5
  2430 | D:3      | Found a faded altar of an unknown god.
  2480 | D:3      | Found a shimmering altar of Xom.
  2603 | D:3      | Reached skill level 5 in Unarmed Combat
  2745 | D:3      | Reached XP level 6. HP: 43/43 MP: 6/6
  2813 | D:3      | Reached skill level 6 in Shapeshifting
  2873 | D:3      | Found an ancient bone altar of Kikubaaqudgha.
  2873 | D:3      | Found a snail-covered altar of Cheibriados.
  3024 | D:4      | Found a hide-covered altar of Uskayaw.
  3271 | D:4      | Noticed a steam dragon
  3306 | D:4      | Reached XP level 7. HP: 48/48 MP: 7/7
  3311 | D:4      | Killed a steam dragon
  3342 | D:4      | Reached skill level 1 in Armour
  3624 | D:4      | Found Debejah's Antique Weapon Shoppe.
  3855 | D:5      | Entered Level 5 of the Dungeon
  3927 | D:5      | Reached skill level 7 in Shapeshifting
  4040 | D:5      | Reached XP level 8. HP: 35/57 MP: 8/8
  4806 | D:6      | Reached skill level 5 in Dodging
  4973 | D:6      | Found a staircase to the Ecumenical Temple.
  4978 | Temple   | Entered the Ecumenical Temple
  4994 | Temple   | Became a worshipper of the Shining One
  5026 | D:6      | Noticed an unseen horror
  5032 | D:6      | Killed an unseen horror
  5185 | D:6      | Reached skill level 8 in Shapeshifting
  5560 | D:6      | Reached XP level 9. HP: 57/63 MP: 9/9
  6047 | D:6      | Noticed Prince Ribbit
  6067 | D:6      | Killed Prince Ribbit
  6296 | D:7      | Reached skill level 9 in Shapeshifting
  6407 | D:7      | Identified the +1 robe of Quroaf {+Inv Str+2}
  6475 | D:7      | Found a shadowy altar of Dithmenos.
  6635 | D:7      | Reached * piety under the Shining One
  6636 | D:7      | Reached skill level 10 in Shapeshifting
  6719 | D:7      | Noticed an unseen horror
  6731 | D:7      | Killed an unseen horror
  6732 | D:7      | Reached skill level 11 in Shapeshifting
  6813 | D:7      | Reached XP level 10. HP: 70/70 MP: 10/10
  6907 | D:7      | Found Heirareo's General Store.
  7085 | D:8      | Reached skill level 12 in Shapeshifting
  7230 | D:8      | Reached skill level 13 in Shapeshifting
  7271 | D:8      | Found Saliukh's Distillery.
  7355 | D:8      | Reached skill level 1 in Invocations
  7419 | D:8      | Reached skill level 1 in Evocations
  7448 | D:8      | Noticed Erica
  7460 | D:8      | Killed Erica
  7461 | D:8      | Reached skill level 1 in Spellcasting
  7607 | D:9      | Found a runed translucent door.
  7660 | D:9      | Found Athruhos's Distillery.
  7663 | D:9      | Bought a potion of mutation for 104 gold pieces
  7717 | D:9      | Noticed a two-headed ogre
  7722 | D:9      | Killed a two-headed ogre
  7921 | D:9      | Found a runed translucent door.
  7945 | D:9      | Reached ** piety under the Shining One
  7973 | D:9      | Found a runed translucent door.
  8001 | D:9      | Found a runed translucent door.
  8047 | D:9      | Reached XP level 11. HP: 27/75 MP: 15/15
  8233 | D:9      | Noticed an orange crystal statue
  8361 | D:10     | Entered Level 10 of the Dungeon
  8750 | D:10     | Found a staircase to the Orcish Mines.
  8872 | D:10     | Noticed a demonic crawler
  8879 | D:10     | Slain by a demonic crawler

Illustrated notes

Levels and vault maps discovered:
D:1:      eino_arrival_druids_welcome, layout_loops_corners
D:2:      minmay_thinvault, layout_loops_cross
D:3:      minmay_recursive_quarters, layout_rooms, led_xom_imps,
          gammafunk_temple_overflow_elements, ebering_ecumenical_altar_box,
          minmay_statues_item, hex_tiny, grunt_ministairs_1
D:4:      layout_basic, nicolae_uskayaw_dance_hall, serial_shops, shop,
          minmay_joined_circles
D:5:      layout_gridville
D:6:      layout_loops_corners, minmay_temple_entry_nine_rooms,
          kennysheep_cluttered_room, minmay_misc_feat_four_crosses,
          uniq_prince_ribbit1
D:7:      layout_basic, grunt_dithmenos_smoke, serial_shops,
          nicolae_shop_behind_doors
D:8:      layout_rooms, serial_shops, shop, uniq_erica
D:9:      layout_basic, serial_shops, nicolae_shop_window_shopping,
          minmay_misc_feat_square, minmay_statue_crystal_thing
D:10:     layout_rooms, orc_0_dummy, grunt_ministairs_15,
          chequers_decorated_corner, worms_lemuel
Temple:   sentei_temple_godly_chess

Skill      XL: |  1  2  3  4  5  6  7  8  9 10 11 |
---------------+----------------------------------+-----
Dodging        | 3 4 6 7 |  7.0
Unarmed Combat | 4 5 6 7 8 9 |  9.2
Shapeshifting  | 5 6 7 8 11 13 | 13.8
Throwing       | 1 2 3 |  3.0
Fighting       | 2 3 |  3.0
Armour         | 1 2 3 |  3.0
Invocations    | 3 4 |  4.0
Evocations     | 3 |  3.9
Spellcasting   | 2 3 |  3.0

Action                     |  1- 3 |  4- 6 |  7- 9 | 10-12 || total
---------------------------+-------+-------+-------+-------++-------
  Melee: Unarmed           |   127 |   160 |   399 |   186 ||   872
         Punch             |     3 |     1 |       |       ||     4
         Maw               |       |       |     1 |    97 ||    98
  Throw: Boomerang         |       |       |       |    18 ||    18
         Javelin           |       |       |       |    14 ||    14
         Dart              |       |       |       |     3 ||     3
 Invoke: Divine Shield     |       |       |       |     1 ||     1
Ability: Begin Untransform |       |     2 |     1 |       ||     3
    Use: Scroll            |     2 |     8 |     6 |     5 ||    21
         Potion            |       |     2 |       |     4 ||     6
 Armour: Ring mail         |    60 |    41 |     5 |       ||   106
         Skin              |       |     2 |    16 |    15 ||    33
         Steam dragon scal |       |       |   105 |       ||   105
  Dodge: Dodged            |    81 |    86 |   251 |   118 ||   536
  Block: Buckler           |       |       |     2 |    43 ||    45
   Form: Beast             |       |     1 |       |       ||     1
         Flux              |       |     1 |       |       ||     1
         Maw               |       |       |     1 |       ||     1

Table legend: (Time is in decaauts)
 A = Elapsed time spent in this place.
 B = Non-inter-level travel time spent in this place.
 C = Inter-level travel time spent in this place.
 D = Time resting spent in this place.
 E = Time spent auto-exploring this place.
 F = Levels seen in this place.
 G = Mean time per level.
                   A        B        C        D        E       F      G
               +--------+--------+--------+--------+--------+-----+--------+
         Total |   8804 |   8542 |    262 |    856 |   5774 |  11 |  800.4 |
       Dungeon |   8779 |   8525 |    254 |    856 |   5774 |  10 |  877.9 |
        Temple |     24 |     16 |      8 |      0 |      0 |   1 |   24.0 |
               +--------+--------+--------+--------+--------+-----+--------+

Top non-repeatable levels by time:
     D:6: 1549 daAuts
     D:2: 1209 daAuts
     D:1: 976 daAuts
     D:4: 895 daAuts
     D:5: 832 daAuts
     D:7: 767 daAuts
     D:3: 737 daAuts
     D:9: 726 daAuts
     D:8: 561 daAuts
    D:10: 521 daAuts
  Temple: 24 daAuts
